AoeStats
← Bliitzz67

Lombardia

508882443Analyzed
4v4 RM · 9d ago on Sep 24, 2026· 35m 29s· 8 players
Game mode
Random Map
Map size
Large (8 player)
Population
200
Speed
Normal
Resources
Standard
Victory
Conquest
Starting age
Dark Age
Ending age
Imperial Age
RankedLock teamsTeams togetherTeam positionsShared explorationLock speedFull tech treeHidden civsTurbo modeCheats
Victory
Defeat
🇨🇳 Berbers · China
1121
+12
🇨🇳 Hindustanis · China
1081
+14
🇨🇳 Khmer · China
1078
+14
🇨🇳 Varangians · China
1067
+15
🇹🇼 Japanese · Taiwan
1081
-15
🇫🇷 Lithuanians · France
1045
-14
🇦🇷 Magyars · Argentina
1025
-13
🇳🇱 Armenians · Netherlands
1011
-13
Bliitzz67
0:36 Loom
11:19 Feudal Age
16:56 Castle Age
15:33 Forging
15:16 Double-Bit Axe
De_Profeet
11:22 Feudal Age
11:34 Man-at-Arms
12:22 Horse Collar
12:31 Double-Bit Axe
13:01 Scale Mail Armor
13:13 Long Swordsman
14:51 Gold Mining
17:54 Stone Mining
23:48 Castle Age
24:19 Wheelbarrow
24:23 Forging
24:43 Heavy Plow
24:55 Bow Saw
24:12 Two-Handed Swordsman
24:38 Gambesons
25:52 Chain Mail Armor
25:17 Champion
28:51 Gold Shaft Mining
28:56 Iron Casting
KB
11:19 Feudal Age
15:39 Castle Age
17:07 Scale Mail Armor
17:17 Forging
18:55 Chain Mail Armor
18:59 Loom
Mr.Ce
9:06 Loom
12:28 Feudal Age
13:25 Double-Bit Axe
13:23 Horse Collar
19:43 Castle Age
18:35 Scale Barding Armor
19:32 Bloodlines
22:45 Wheelbarrow
23:12 Gold Mining
24:31 Town Watch
26:23 Bow Saw
26:41 Chain Barding Armor
27:47 Town Patrol
Fislim
10:54 Feudal Age
15:12 Castle Age
13:38 Double-Bit Axe
16:26 Bow Saw
16:08 Horse Collar
18:32 Loom
21:40 Wheelbarrow
21:23 Heavy Plow
23:55 Hand Cart
23:45 Gold Mining
23:45 Stone Mining
26:05 Pikeman
29:17 Gold Shaft Mining
29:18 Stone Shaft Mining
33:03 Imperial Age
30:46 Grand Trunk Road
31:26 Husbandry
31:37 Bloodlines
31:35 Scale Barding Armor
31:40 Forging
32:12 Ballistics
34:20 Iron Casting
34:05 Chain Barding Armor
33:11 Heavy Camel Rider
34:23 Conscription
36:27 Blast Furnace
34:50 Imperial Camel Rider
Yakamoon
11:05 Feudal Age
11:43 Double-Bit Axe
14:40 Castle Age
12:58 Horse Collar
16:22 Bow Saw
17:02 Loom
20:26 Wheelbarrow
20:43 Gold Mining
21:34 Hand Cart
22:07 Scale Barding Armor
23:29 Gold Shaft Mining
23:09 Bloodlines
23:18 Husbandry
23:31 Forging
26:19 Chain Barding Armor
26:34 Iron Casting
27:04 Heavy Plow
28:12 Iron Casting
32:29 Imperial Age
31:34 Stone Mining
32:33 Cavalier
33:53 Plate Barding Armor
34:19 Blast Furnace
人机求轻虐
10:24 Feudal Age
11:24 Loom
14:53 Castle Age
13:02 Double-Bit Axe
20:41 Horse Collar
26:12 Bow Saw
26:47 Stone Mining
29:34 Gold Mining
30:53 Bloodlines
30:43 Husbandry
30:56 Scale Barding Armor
31:01 Forging
35:43 Heavy Plow
xmjin_king
4:03 Loom
12:41 Feudal Age
17:09 Castle Age
19:16 Double-Bit Axe
23:13 Bloodlines
28:50 Scale Barding Armor
30:28 Bow Saw
31:48 Husbandry
Connection lost

Rejoining the realm…

Still unreachable

The connection could not be restored.

Session expired

The server has moved on; the page needs a fresh start.